SR
MOOSE JAW CANUCKS @ CANONNIERS DE QUEBEC
05/09/2042
 
TOP OF THE 1ST
Moose Jaw Canucks batting - Pitching for Canonniers de Quebec : RHP Carl McDowell
Pitching: RHP Carl McDowell
Batting: LHB Gary McQueen 0-0: Ball
1-0: Ball
2-0: Ball
3-0: Base on Balls
Batting: RHB Millard Carr 0-0: Called Strike
0-1: Ball
1-1: Ball
2-1: Foul Ball, location: 2F
2-2: Strikes out swinging
Batting: RHB Román Ayala 0-0: Ball
1-0: Swinging Strike
1-1: Ball
2-1: Called Strike
2-2: Strikes out looking
Batting: LHB Steve Scott 0-0: Ball
1-0: Swinging Strike
1-1: Swinging Strike
1-2: Ball
2-2: Strikes out swinging
Top of the 1st over - 0 runs, 0 hits, 0 errors, 1 left on base; Moose Jaw 0 - Canonniers de Quebec 0
BOTTOM OF THE 1ST
Canonniers de Quebec batting - Pitching for Moose Jaw Canucks : RHP Jeff Petersen
Pitching: RHP Jeff Petersen
Batting: RHB Ron Johnson 0-0: Called Strike
0-1: Ground out U3 (Groundball, 34, EV 101.2 MPH)
Batting: RHB Rich Robinson 0-0: Ball
1-0: Fly out, F7 (Line Drive, 7D, EV 98.8 MPH)
Batting: RHB Juan Cortéz 0-0: Swinging Strike
0-1: Fly out, F6 (Popup, 6D, EV 56.2 MPH)
Bottom of the 1st over - 0 runs, 0 hits, 0 errors, 0 left on base; Moose Jaw 0 - Canonniers de Quebec 0
TOP OF THE 2ND
Moose Jaw Canucks batting - Pitching for Canonniers de Quebec : RHP Carl McDowell
Batting: RHB José Sandoval 0-0: Called Strike
0-1: Ball
1-1: Swinging Strike
1-2: Ball
2-2: Foul Ball, location: 2F
2-2: Strikes out swinging
Batting: RHB Greg Green 0-0: Ball
1-0: Called Strike
1-1: Called Strike
1-2: Ball
2-2: Foul Ball, location: 2F
2-2: Foul Ball, location: 2F
2-2: Strikes out swinging
Batting: RHB Dave Johns 0-0: Ball
1-0: Ball
2-0: Swinging Strike
2-1: Foul Ball, location: 2F
2-2: Reached on error, E5 (Groundball, 5, EV 84.4 MPH)
Batting: RHB Marcos Martínez 0-0: Ball
1-0: Ball
2-0: Swinging Strike
2-1: Foul Ball, location: 2F
2-2: Foul Ball, location: 2F
2-2: Foul Ball, location: 2F
2-2: Foul Ball, location: 2F
2-2: Foul Ball, location: 2F
2-2: Ball
3-2: Strikes out swinging
Top of the 2nd over - 0 runs, 0 hits, 1 error, 1 left on base; Moose Jaw 0 - Canonniers de Quebec 0
BOTTOM OF THE 2ND
Canonniers de Quebec batting - Pitching for Moose Jaw Canucks : RHP Jeff Petersen
Batting: SHB Arturo Costa 0-0: Ball
1-0: Ball
2-0: Called Strike
2-1: Ground out 4-3 (Groundball, 4M, EV 80.6 MPH)
Batting: LHB Jason Longoria 0-0: Swinging Strike
0-1: Ball
1-1: SINGLE (Flyball, 9LS, EV 83.1 MPH)
Batting: RHB Gael Kerwin 0-0: Fly out, F6 (Popup, 4MS, EV 61.9 MPH)
Batting: LHB Jake Hill 0-0: Ball
1-0: Swinging Strike
1-1: Swinging Strike
1-2: Ball
2-2: Strikes out looking
Bottom of the 2nd over - 0 runs, 1 hit, 0 errors, 1 left on base; Moose Jaw 0 - Canonniers de Quebec 0
TOP OF THE 3RD
Moose Jaw Canucks batting - Pitching for Canonniers de Quebec : RHP Carl McDowell
Batting: RHB George Holmes 0-0: Called Strike
0-1: Ball
1-1: Foul Ball, location: 2F
1-2: Strikes out swinging
Batting: LHB Gary McQueen 0-0: Ball
1-0: Ball
2-0: Foul Ball, location: 2F
2-1: DOUBLE (Line Drive, 9LS, EV 101.2 MPH)
Batting: RHB Millard Carr 0-0: Ball
1-0: Foul Ball, location: 2F
1-1: Ball
2-1: Ground out 3-1 (Groundball, 34S, EV 75.6 MPH)
Gary McQueen to third
Batting: RHB Román Ayala 0-0: Called Strike
0-1: Foul Ball, location: 2F
0-2: SINGLE (Groundball, 6MD, EV 98.8 MPH)
Gary McQueen scores
Batting: LHB Steve Scott 0-0: Ball
1-0: Fly out, F9 (Flyball, 89D, EV 90.6 MPH)
Top of the 3rd over - 1 run, 2 hits, 0 errors, 1 left on base; Moose Jaw 1 - Canonniers de Quebec 0
BOTTOM OF THE 3RD
Canonniers de Quebec batting - Pitching for Moose Jaw Canucks : RHP Jeff Petersen
Batting: RHB Manny Costello 0-0: Fly out, F7 (Line Drive, 7, EV 107.5 MPH)
Batting: RHB Jon Branch 0-0: Called Strike
0-1: Foul Ball, location: 2F
0-2: Strikes out looking
Batting: RHB Ron Johnson 0-0: Fly out, F5 (Line Drive, 5, EV 78.1 MPH)
Bottom of the 3rd over - 0 runs, 0 hits, 0 errors, 0 left on base; Moose Jaw 1 - Canonniers de Quebec 0
TOP OF THE 4TH
Moose Jaw Canucks batting - Pitching for Canonniers de Quebec : RHP Carl McDowell
Batting: RHB José Sandoval 0-0: Ball
1-0: Ball
2-0: Fly out, F4 (Line Drive, 4, EV 68.8 MPH)
Batting: RHB Greg Green 0-0: Fly out, F8 (Flyball, 8LM, EV 83.1 MPH)
Batting: RHB Dave Johns 0-0: Swinging Strike
0-1: Swinging Strike
0-2: Strikes out swinging
Top of the 4th over - 0 runs, 0 hits, 0 errors, 0 left on base; Moose Jaw 1 - Canonniers de Quebec 0
BOTTOM OF THE 4TH
Canonniers de Quebec batting - Pitching for Moose Jaw Canucks : RHP Jeff Petersen
Batting: RHB Rich Robinson 0-0: Foul Ball, location: 2F
0-1: Swinging Strike
0-2: Ball
1-2: Ball
2-2: Ball
3-2: SINGLE (Line Drive, 7S, EV 99.4 MPH)
Batting: RHB Juan Cortéz 0-0: Ball
1-0: Foul Ball, location: 2F
1-1: Ball
2-1: Foul Ball, location: 2F
2-2: Ball
3-2: SINGLE (Groundball, 6MD, EV 103.1 MPH)
Rich Robinson to second
Batting: SHB Arturo Costa 0-0: Ball
1-0: SINGLE (Groundball, 34D, EV 108.1 MPH)
Rich Robinson to third
Juan Cortéz to second
Batting: LHB Jason Longoria 0-0: Fly out, F7 (Line Drive, 7D, EV 93.8 MPH)
Runner from 3rd tags up, SCORES, no throw by LF
Batting: RHB Gael Kerwin 0-0: Ball
1-0: Fly out, F3 (Flyball, 3D, EV 93.1 MPH)
Batting: LHB Jake Hill 0-0: Foul Ball, location: 2F
0-1: Called Strike
0-2: Ball
1-2: Fielders Choice at 2nd, 5-4 (Groundball, 5, EV 88.8 MPH)
Bottom of the 4th over - 1 run, 3 hits, 0 errors, 2 left on base; Moose Jaw 1 - Canonniers de Quebec 1
TOP OF THE 5TH
Moose Jaw Canucks batting - Pitching for Canonniers de Quebec : RHP Carl McDowell
Pitching: RHP Stefan Bomas
Batting: RHB Marcos Martínez 0-0: Foul Ball, location: 2F
0-1: Ball
1-1: Foul Ball, location: 2F
1-2: Foul Ball, location: 2F
1-2: Ball
2-2: Strikes out swinging
Batting: RHB George Holmes 0-0: Swinging Strike
0-1: Ball
1-1: Ball
2-1: Swinging Strike
2-2: Strikes out looking
Batting: LHB Gary McQueen 0-0: Called Strike
0-1: Foul Ball, location: 2F
0-2: Ball
1-2: Foul Ball, location: 2F
1-2: Strikes out swinging
Top of the 5th over - 0 runs, 0 hits, 0 errors, 0 left on base; Moose Jaw 1 - Canonniers de Quebec 1
BOTTOM OF THE 5TH
Canonniers de Quebec batting - Pitching for Moose Jaw Canucks : RHP Jeff Petersen
Batting: RHB Manny Costello 0-0: Fly out, F8 (Flyball, 8RXD, EV 78.1 MPH)
Batting: RHB Jon Branch 0-0: Foul Ball, location: 2F
0-1: Ball
1-1: Foul Ball, location: 2F
1-2: Strikes out looking
Batting: RHB Ron Johnson 0-0: Swinging Strike
0-1: Fly out, F9 (Flyball, 89S, EV 83.1 MPH)
Bottom of the 5th over - 0 runs, 0 hits, 0 errors, 0 left on base; Moose Jaw 1 - Canonniers de Quebec 1
TOP OF THE 6TH
Moose Jaw Canucks batting - Pitching for Canonniers de Quebec : RHP Stefan Bomas
Batting: RHB Millard Carr 0-0: Ball
1-0: Reached on error, E6 (Groundball, 6, EV 86.9 MPH)
Batting: RHB Román Ayala 0-0: Called Strike
0-1: Ball
1-1: Foul Ball, location: 2F
1-2: Strikes out looking
Batting: LHB Steve Scott 0-0: Foul Ball, location: 2F
0-1: Ball
1-1: Called Strike
1-2: Foul Ball, location: 2F
1-2: Ball
2-2: Ground out 4-3 (Groundball, 4, EV 101.9 MPH)
Millard Carr to second
Batting: RHB José Sandoval 0-0: Called Strike
0-1: Ball
Passed Ball!
Millard Carr to third
1-1: Foul Ball, location: 2F
1-2: Ball
2-2: Foul Ball, location: 2F
2-2: Ball
3-2: Strikes out looking
Top of the 6th over - 0 runs, 0 hits, 1 error, 1 left on base; Moose Jaw 1 - Canonniers de Quebec 1
BOTTOM OF THE 6TH
Canonniers de Quebec batting - Pitching for Moose Jaw Canucks : RHP Jeff Petersen
Batting: RHB Rich Robinson 0-0: Ball
1-0: Ball
2-0: Called Strike
2-1: Foul Ball, location: 2F
2-2: Foul Ball, location: 2F
2-2: Ball
3-2: Fly out, F7 (Flyball, 7, EV 85.0 MPH)
Batting: RHB Juan Cortéz 0-0: Called Strike
0-1: Foul Ball, location: 2F
0-2: SINGLE (Groundball, 6D, EV 106.2 MPH)
Batting: SHB Arturo Costa 0-0: Ball
1-0: Called Strike
1-1: Ground out 3-1 (Groundball, 3S, EV 83.1 MPH)
Juan Cortéz to second
Batting: LHB Jason Longoria 0-0: Ball
1-0: Called Strike
1-1: SINGLE (Groundball, 6M, EV 80.6 MPH) (infield hit)
Juan Cortéz to third
Batting: RHB Gael Kerwin 0-0: DOUBLE (Flyball, 8RXD, EV 106.9 MPH)
Juan Cortéz scores
Jason Longoria to third
Runner from 3rd tries for Home, SAFE, throw by CF to home
Batting: LHB Jake Hill 0-0: DOUBLE (Flyball, 8RD, EV 94.4 MPH)
Gael Kerwin scores
Batting: RHB Manny Costello 0-0: Called Strike
0-1: Swinging Strike
Passed Ball!
Jake Hill to third
0-2: Strikes out swinging
Bottom of the 6th over - 3 runs, 4 hits, 0 errors, 1 left on base; Moose Jaw 1 - Canonniers de Quebec 4
TOP OF THE 7TH
Moose Jaw Canucks batting - Pitching for Canonniers de Quebec : RHP Stefan Bomas
Batting: RHB Greg Green 0-0: Ball
1-0: Ball
2-0: Foul Ball, location: 2F
2-1: SINGLE (Groundball, 6MD, EV 95.6 MPH)
Batting: RHB Dave Johns 0-0: Called Strike
0-1: Swinging Strike
0-2: Strikes out looking
Batting: RHB Marcos Martínez 0-0: Called Strike
0-1: Reached on error, E7 (Line Drive, 7, EV 90.6 MPH)
Greg Green to third
Batting: RHB George Holmes 0-0: Foul Ball, location: 2F
0-1: Ball
1-1: Foul Ball, location: 2F
1-2: Strikes out looking
Batting: LHB Gary McQueen 0-0: Ball
1-0: Called Strike
1-1: Ball
2-1: Foul Ball, location: 2F
2-2: Foul Ball, location: 2F
2-2: Foul Ball, location: 2F
2-2: Foul Ball, location: 2F
2-2: Strikes out swinging
Top of the 7th over - 0 runs, 1 hit, 1 error, 2 left on base; Moose Jaw 1 - Canonniers de Quebec 4
BOTTOM OF THE 7TH
Canonniers de Quebec batting - Pitching for Moose Jaw Canucks : RHP Jeff Petersen
Batting: RHB Jon Branch 0-0: Ball
1-0: SINGLE (Groundball, 4M, EV 99.4 MPH) (infield hit)
Batting: RHB Ron Johnson 0-0: Bunted foul
0-1: Bunted foul
0-2: Ball
1-2: SINGLE (Groundball, 4S, EV 85.6 MPH) (infield hit)
Jon Branch to second
Batting: RHB Rich Robinson 0-0: Ball
1-0: Sac Bunt to P - play at first, batter OUT! 1-4
Jon Branch to third
Ron Johnson to second
Batting: RHB Juan Cortéz 0-0: Foul Ball, location: 2F
0-1: Ball
1-1: Swinging Strike
1-2: Foul Ball, location: 2F
1-2: Ball
2-2: Ball
3-2: Foul Ball, location: 2F
3-2: SINGLE (Groundball, 6MD, EV 103.1 MPH)
Jon Branch scores
Ron Johnson to third
Runner from 3rd tries for Home, SAFE, no throw by CF
Pitching: RHP Chang-soo Pak
Batting: SHB Arturo Costa 0-0: Called Strike
0-1: Ball
1-1: Ball
2-1: Fly out, F3 (Popup, 3S, EV 76.2 MPH)
Batting: LHB Jason Longoria 0-0: Ball
1-0: Called Strike
1-1: Ball
2-1: Called Strike
2-2: Strikes out swinging
Bottom of the 7th over - 2 runs, 3 hits, 0 errors, 1 left on base; Moose Jaw 1 - Canonniers de Quebec 6
TOP OF THE 8TH
Moose Jaw Canucks batting - Pitching for Canonniers de Quebec : RHP Stefan Bomas
Batting: RHB Millard Carr 0-0: Called Strike
0-1: Called Strike
0-2: Strikes out looking
Batting: RHB Román Ayala 0-0: Foul Ball, location: 2F
0-1: Called Strike
0-2: Foul Ball, location: 2F
0-2: Strikes out swinging
Batting: LHB Steve Scott 0-0: Ball
1-0: Fly out, F9 (Flyball, 9D, EV 90.6 MPH)
Top of the 8th over - 0 runs, 0 hits, 0 errors, 0 left on base; Moose Jaw 1 - Canonniers de Quebec 6
BOTTOM OF THE 8TH
Canonniers de Quebec batting - Pitching for Moose Jaw Canucks : RHP Chang-soo Pak
Batting: RHB Gael Kerwin 0-0: Called Strike
0-1: Ball
1-1: Foul Ball, location: 2F
1-2: Foul Ball, location: 2F
1-2: Fly out, F9 (Flyball, 9LS, EV 92.5 MPH)
Batting: LHB Jake Hill 0-0: Swinging Strike
0-1: Called Strike
0-2: Ball
1-2: Ground out U3 (Groundball, 3L, EV 92.5 MPH)
Batting: RHB Manny Costello 0-0: Ball
1-0: Ball
2-0: Called Strike
2-1: Foul Ball, location: 2F
2-2: Foul Ball, location: 2F
2-2: Fly out, F7 (Line Drive, 7D, EV 85.6 MPH)
Bottom of the 8th over - 0 runs, 0 hits, 0 errors, 0 left on base; Moose Jaw 1 - Canonniers de Quebec 6
TOP OF THE 9TH
Moose Jaw Canucks batting - Pitching for Canonniers de Quebec : RHP Stefan Bomas
Batting: RHB José Sandoval 0-0: Called Strike
0-1: Ball
1-1: SINGLE (Groundball, 56D, EV 108.1 MPH)
Pitching: RHP Pedro Maestas
Batting: RHB Greg Green 0-0: Called Strike
0-1: Called Strike
0-2: SINGLE (Groundball, 56D, EV 105.6 MPH)
José Sandoval to second
Batting: RHB Dave Johns 0-0: Ball
1-0: Ball
2-0: Ball
3-0: Called Strike
3-1: DOUBLE (Flyball, 8RXD, EV 103.1 MPH)
José Sandoval scores
Greg Green to third
Pitching: RHP Santiago Proximo
Batting: RHB Marcos Martínez 0-0: Ball
1-0: Called Strike
1-1: Swinging Strike
1-2: Strikes out swinging
Batting: RHB George Holmes 0-0: Ball
1-0: Fly out, F3 (Popup, 34S, EV 75.6 MPH)
Batting: LHB Gary McQueen 0-0: Ball
1-0: Ball
2-0: Foul Ball, location: 2F
2-1: Called Strike
2-2: DOUBLE (Line Drive, 9LM, EV 107.5 MPH)
Greg Green scores
Dave Johns scores
Pinch Hitting: RHB Olivier Leloup 0-0: Called Strike
0-1: Ball
1-1: Swinging Strike
1-2: SINGLE (Line Drive, 89S, EV 105.0 MPH)
Gary McQueen to third
Batting: RHB Román Ayala 0-0: Ground out 1-3 (Groundball, P, EV 82.5 MPH)
Top of the 9th over - 3 runs, 5 hits, 0 errors, 2 left on base; Moose Jaw 4 - Canonniers de Quebec 6
Friday, March 26th, 2021 - OOTP Baseball 20.8 Build 74